 Seeded DCSS version 0.28-a0-883-gc8d7bad45d (webtiles) character file.

Game seed: 3557406585672395093 (custom seed)

1269 Zonian the Stinger (level 8, -4/52 (54) HPs)
             Began as a Demonspawn Venom Mage on Nov 21, 2021.
             Slain by a boulder beetle (15 damage)
             ... on level 7 of the Dungeon.
             The game lasted 00:22:33 (11737 turns).

Zonian the Stinger (Demonspawn Venom Mage)         Turns: 11737, Time: 00:22:33

HP:   -4/52 (54)    AC:  6    Str: 11    XL:     8   Next: 28%
MP:   9/13          EV: 14    Int: 19    God:
Gold: 181           SH:  0    Dex: 24    Spells: 10/14 levels left

rFire   + . .      SeeInvis .   n - +0 dagger
rCold   . . .      Faith    .   (no shield)
rNeg    + . .      Spirit   .   s - +1 leather armour "Vonaxis" {rElec rF+ Regen+}
rPois   .          Reflect  .   (no helmet)
rElec   +          Harm     .   (no cloak)
rCorr   .          Rampage  .   (no gloves)
Will    .....                   b - +1 pair of boots
Stlth   +++.......              (no amulet)
HPRegen 1.17/turn               w - ring "Lazol" {rN+ Str+3 Dex+4}
MPRegen 0.13/turn               t - +6 ring of dexterity

@: lightly drained
A: ignite blood 1, weakness stinger 2
a: no special abilities


You were on level 7 of the Dungeon.
You visited 1 branch of the dungeon, and saw 7 of its levels.
You also visited: Ossuary.

You collected 342 gold pieces.
You spent 161 gold pieces at shops.

Inventory:

Hand Weapons
 e - a +1 hunting sling
 n - a +0 dagger (weapon)
Missiles
 d - a throwing net
 i - 53 sling bullets
 l - 4 boomerangs
Armour
 a - a +0 robe
 b - a +1 pair of boots (worn)
 s - the +1 leather armour "Vonaxis" (worn) {rElec rF+ Regen+}
   (You bought it in a shop on level 2 of the Dungeon)

   rF:        It protects you from fire.
   rElec:     It insulates you from electricity.
   Regen:     It increases your rate of health regeneration.
Jewellery
 r - a ring of willpower
 t - a +6 ring of dexterity (right hand)
 u - a ring of see invisible
 v - a ring of willpower
 w - the ring "Lazol" (left hand) {rN+ Str+3 Dex+4}
   (You found it on level 5 of the Dungeon)

   [ring of positive energy]

   Str:       It affects your strength (+3).
   Dex:       It affects your dexterity (+4).
   rN:        It protects you from negative energy.
Wands
 y - a wand of digging (6)
Scrolls
 g - 2 scrolls of amnesia
 j - a scroll of enchant weapon
 k - a scroll of immolation
 m - a scroll of enchant armour
Potions
 c - 5 potions of curing
 f - 2 potions of heal wounds
 h - a potion of ambrosia {unknown}
 o - 2 potions of invisibility
 p - a potion of brilliance
 q - 2 potions of degeneration {unknown}
 x - a potion of berserk rage {unknown}


   Skills:
 + Level 1.3 Fighting
 + Level 2.4 Short Blades
 + Level 2.0 Armour
 + Level 3.5 Dodging
 + Level 3.3 Stealth
 + Level 3.9 Spellcasting
 * Level 3.4 Conjurations
 + Level 2.8 Transmutations
 * Level 2.5 Air Magic
 + Level 4.6 Poison Magic


You had 10 spell levels left.
You knew the following spells:

 Your Spells              Type           Power      Damage    Failure   Level
a - Sting                 Tmut/Pois      72%        1d6       4%          1
b - Mephitic Cloud        Conj/Pois/Air  17%        N/A       13%         3

Your spell library contained the following spells:

 Spells                   Type           Power      Damage    Failure   Level
 Poisonous Vapours        Pois/Air       34%        N/A       6%          2
 Olgreb's Toxic Radiance  Pois           21%        N/A       26%         4


Dungeon Overview and Level Annotations

Branches:
Dungeon (7/15)            Ossuary (visited)
 Temple: D:4-7

Altars:
Kikubaaqudgha

Shops:
D:2 =[(   D:4 [

Annotations:
D:4 3 runed translucent doors, bande's ghost, amateur GrFi


Innate Abilities, Weirdness & Mutations

Your demonic aura sometimes causes spilled blood to erupt in flames.
You have a tail ending in a sharp stinger.


Message History

Casting: Mephitic Cloud (dangerous; 13% risk of failure)
Confirm with . or Enter, or press ? or * to list all spells.
Aiming: Mephitic Cloud (dangerous; 13% risk of failure)
Press: ? - help, Shift-Dir - straight line, f/p - boulder beetle
Aim: a boulder beetle (lightly wounded, rolling, chance to affect: 43%) That beam is likely to hit you.
Continue anyway? [Y]es or [N]o only, please.
That beam is likely to hit you.
Continue anyway?
Okay, then.
Aiming: Sting (safe; 4% risk of failure)
Press: ? - help, Q - select action, (/) - cycle Shift-Dir - straight line, f/p - boulder beetle
Aim: a boulder beetle (lightly wounded, rolling, 100% to hit)
The sting hits the boulder beetle.
The boulder beetle is poisoned.
The boulder beetle is lightly wounded.
The boulder beetle closely misses you.
The boulder beetle stops rolling and uncurls.
Unknown command.
You hit the boulder beetle but do no damage.
The boulder beetle is lightly wounded.
The boulder beetle leaps!
Unknown command.
There is a stone staircase leading down here.
The boulder beetle curls into a ball and begins rolling!
The boulder beetle looks more healthy.
There is a stone staircase leading up here.
Casting: Sting (safe; 4% risk of failure)
Confirm with . or Enter, or press ? or * to list all spells.
Aiming: Sting (safe; 4% risk of failure)
Press: ? - help, Shift-Dir - straight line, f/p - boulder beetle
Aim: a boulder beetle (moderately wounded, rolling, 100% to hit)
The sting hits the boulder beetle but does no damage.
The boulder beetle is poisoned.
The boulder beetle is moderately wounded.
The boulder beetle hits you!!!
Ouch! That really hurt!
* * * LOW HITPOINT WARNING * * *
The boulder beetle stops rolling and uncurls.
Unknown command.
The boulder beetle bites you!
You die...

......#..##......#
..........##.....#
.#.........##.#.##
##....###.###.###
#......#.....##
............(.#
.............##
##............####
#........z...zB@#
##.......>...#..##
..............#...#
..................#
..........#.......#
..........#......##
.........##.......#
.......##.......####
......#.........#.#


You could see a boulder beetle (poisoned) and 2 wights.

Vanquished Creatures
  A water moccasin (D:6)
  A necrophage (D:6)
  An ogre (D:6)
  2 centaurs
  3 elf zombies (Ossuary)
  A scorpion (D:6)
  A wight (D:6)
  A centaur zombie (Ossuary)
  A hound (D:5)
  A centaur skeleton (D:6)
  A human zombie (Ossuary)
  An iguana (D:6)
  4 orc wizards
  A hound skeleton (D:4)
  2 mummies (Ossuary)
  4 gnolls (D:6)
  6 adders
  2 white imps
  2 ufetubi
  An adder zombie (Ossuary)
  5 worms
  A dart slug (D:1)
  11 orcs
  8 bats
  7 endoplasms
  3 giant cockroaches
  6 goblins
  4 hobgoblins
  4 jackals (D:3)
  2 kobolds (D:2)
  8 quokkas
  5 ball pythons
  3 frilled lizards
  2 goblin zombies (Ossuary)
  14 hobgoblin zombies (Ossuary)
  9 kobold zombies (Ossuary)
  4 orc zombies (Ossuary)
  7 rats
  2 rat zombies (Ossuary)
142 creatures vanquished.

Notes
Turn   | Place    | Note
-------+----------+-------------------------------------------
     0 | D:1      | Zonian the Demonspawn Venom Mage began the quest for the
                  | Orb.
     0 | D:1      | Reached XP level 1. HP: 13/13 MP: 3/3
  1052 | D:1      | Gained mutation: Your demonic aura sometimes causes spilled
                  | blood to erupt in flames. [demonic ancestry]
  1052 | D:1      | Reached XP level 2. HP: 16/19 MP: 0/5
  1235 | D:1      | Found a faded altar of an unknown god.
  2009 | D:1      | Reached skill level 1 in Transmutations
  2745 | D:2      | Gained mutation: You have a small tail. [demonic ancestry]
  2745 | D:2      | Reached XP level 3. HP: 24/24 MP: 1/7
  3820 | D:2      | Found Cex Qeoro's Antique Armour Boutique.
  3835 | D:2      | Found Dysmyiv's Jewellery Emporium.
  3931 | D:2      | Found Pinn's Weapon Shop.
  4111 | D:3      | Gained mutation: You have a tail ending in a sharp stinger.
                  | [demonic ancestry]
  4111 | D:3      | Reached XP level 4. HP: 29/30 MP: 4/8
  4981 | D:3      | Learned a level 3 spell: Mephitic Cloud
  5287 | D:3      | Reached skill level 4 in Poison Magic
  6486 | D:4      | Reached XP level 5. HP: 15/35 MP: 1/9
  7557 | D:4      | Found a runed translucent gate.
  7559 | D:4      | Found a runed translucent gate.
  7559 | D:4      | Found a runed translucent gate.
  7560 | D:4      | Noticed bande's ghost (amateur GrFi)
  7596 | D:4      | Found Plog's Armour Emporium.
  7910 | D:4      | Identified a scroll of acquirement
  7910 | D:4      | Acquired a ring of willpower
  7992 | D:2      | Bought a slimy leather armour for 161 gold pieces
  7992 | D:2      | Identified the +1 leather armour "Vonaxis" {rElec rF+
                  | Regen+} (You bought it in a shop on level 2 of the Dungeon)
  8133 | D:5      | Entered Level 5 of the Dungeon
  8194 | D:5      | Found a sand-covered staircase.
  8200 | Ossuary  | Entered an ossuary
  8674 | Ossuary  | Reached skill level 1 in Conjurations
  8718 | Ossuary  | Reached XP level 6. HP: 23/41 MP: 11/11
  8726 | Ossuary  | Reached skill level 1 in Short Blades
  8929 | Ossuary  | Reached skill level 1 in Air Magic
  9005 | Ossuary  | Reached XP level 7. HP: 47/47 MP: 12/12
  9306 | D:5      | Found an ancient bone altar of Kikubaaqudgha.
  9363 | D:5      | Identified the ring "Lazol" {rN+ Str+3 Dex+4}
  9513 | D:5      | Reached skill level 1 in Armour
  9725 | D:6      | Reached skill level 1 in Fighting
 10151 | D:6      | Reached XP level 8. HP: 54/54 MP: 13/13
 11073 | D:7      | Noticed a boulder beetle
 11737 | D:7      | Slain by a boulder beetle

Illustrated notes

Levels and vault maps discovered:
D:1:      ncdulo_lavacross, layout_basic, hellmonk_ecumenical_altar_blasted,
          wander_ebering_terrifying_dragon_lair
D:2:      layout_loops_cross, serial_shops, nicolae_shop_trees, shop,
          nicolae_shop_trees
D:3:      layout_rooms, hex_medium, minmay_quantized
D:4:      layout_loops_ring, ebering_ghost_rock_garden, serial_shops, shop,
          hangedman_decor_lopped
D:5:      layout_cave_pools, nicolae_kikubaaqudgha_miasma_corner,
          nicolae_ossuary_entry_plus
D:6:      layout_basic
D:7:      layout_cave_pools, chequers_temple_overflow_minitemple,
          minmay_temple_entry_statues_pillars, serial_shops,
          nicolae_shop_waterfront

Skill      XL: |  1  2  3  4  5  6  7  8 |
---------------+-------------------------+-----
Transmutations | 1 2 |  2.8
Dodging        | 2 3 |  3.5
Spellcasting   | 3 |  3.9
Poison Magic   | 4 |  4.6
Stealth        | 2 3 |  3.3
Conjurations   | 1 2 3 |  3.4
Short Blades   | 1 2 |  2.4
Air Magic      | 1 2 |  2.5
Armour         | 1 2 |  2.0
Fighting       | 1 |  1.3

Action                   |  1- 3 |  4- 6 |  7- 9 || total
-------------------------+-------+-------+-------++-------
Melee: Unarmed           |    23 |     5 |       ||    28
       Dagger            |       |   403 |   143 ||   546
       Tailslap          |       |    48 |    34 ||    82
 Cast: Sting             |    77 |    82 |    35 ||   194
       Mephitic Cloud    |       |       |    10 ||    10
  Use: Scroll            |       |    10 |     4 ||    14
       Potion            |       |     6 |     4 ||    10
 Stab: Sleeping          |     1 |     1 |     4 ||     6
       Invisible         |       |     9 |       ||     9
       Distracted        |       |     1 |     1 ||     2
       Confused          |       |       |     4 ||     4
Armor: Robe              |     8 |    46 |       ||    54
       Leather armour    |       |   102 |    44 ||   146
       Skin              |       |    88 |       ||    88
Dodge: Dodged            |    33 |   265 |   131 ||   429

Table legend: (Time is in decaauts)
 A = Elapsed time spent in this place.
 B = Non-inter-level travel time spent in this place.
 C = Inter-level travel time spent in this place.
 D = Time resting spent in this place.
 E = Time spent auto-exploring this place.
 F = Levels seen in this place.
 G = Mean time per level.
                   A        B        C        D        E       F      G
               +--------+--------+--------+--------+--------+-----+--------+
         Total |  11711 |  11353 |    358 |   5242 |   3735 |   8 | 1463.9 |
       Dungeon |  10895 |  10537 |    358 |   4999 |   3735 |   7 | 1556.4 |
       Ossuary |    815 |    815 |      0 |    243 |      0 |   1 |  815.0 |
               +--------+--------+--------+--------+--------+-----+--------+

Top non-repeatable levels by time:
     D:1: 2583 daAuts
     D:3: 2203 daAuts
     D:4: 1769 daAuts
     D:6: 1681 daAuts
     D:2: 1598 daAuts
 Ossuary: 815 daAuts
     D:5: 802 daAuts
     D:7: 257 daAuts
